 Dungeon Crawl Stone Soup version 0.28.0-53-g5a82cb258f (webtiles) character file.

Game seed: 10957134944234935079

2310 nickcage the Basher (level 9, -2/63 HPs)
             Began as a Demonspawn Abyssal Knight on June 14, 2022.
             Was a Priest of Lugonu.
             Engulfed by a steam dragon's steam (7 damage)
             ... on level 7 of the Dungeon.
             The game lasted 00:12:38 (5671 turns).

nickcage the Basher (Demonspawn Abyssal Knight)     Turns: 5671, Time: 00:12:39

Health: -2/63      AC: 18    Str: 18    XL:     9   Next: 18%
Magic:  2/10       EV:  5    Int: 12    God:    Lugonu [***...]
Gold:   160        SH:  0    Dex: 13    Spells: 8/8 levels left

rFire   . . .      SeeInvis .   a - +1 mace
rCold   . . .      Faith    .   (no shield)
rNeg    . . .      Spirit   .   u - +1 plate armour
rPois   .          Reflect  .   (helmet restricted)
rElec   .          Harm     .   k - +0 cloak
rCorr   .          Rampage  .   (no gloves)
Will    +....                   (no boots)
Stlth   ..........              t - amulet of regeneration
HPRegen 1.00/turn               g - ring of willpower
MPRegen 0.12/turn               o - +4 ring of protection

@: no status effects
A: horns 2, icy blue scales 1, icemail 1, powered by pain 1, condensation shield
a: Renounce Religion, Depart the Abyss, Bend Space, Banish


You were on level 7 of the Dungeon.
You worshipped Lugonu.
Lugonu was most pleased with you.
You visited 1 branch of the dungeon, and saw 8 of its levels.
You visited the Abyss 1 time.

You collected 160 gold pieces.

Inventory:

Hand Weapons
 a - a +1 mace (weapon)
Missiles
 j - 2 curare-tipped darts (quivered)
Armour
 b - a +0 leather armour
 c - a +0 ring mail
 e - a +0 chain mail
 k - a +0 cloak (worn)
 u - a +1 plate armour (worn)
Jewellery
 g - a ring of willpower (left hand)
 o - a +4 ring of protection (right hand)
 r - a ring of protection from cold
 t - an amulet of regeneration (around neck)
 w - an amulet of faith
 x - a ring of positive energy
Wands
 d - a wand of mindburst (11)
 z - a wand of paralysis (10)
Scrolls
 f - 3 scrolls of summoning
 q - a scroll of enchant armour
 s - 2 scrolls of identify
 y - a scroll of teleportation
Potions
 h - 2 potions of heal wounds
 i - 2 potions of might
 l - 2 potions of flight {unknown}
 m - 3 potions of curing
 n - a potion of berserk rage {unknown}
 p - a potion of mutation {unknown}
 v - 2 potions of lignification {unknown}


   Skills:
 - Level 3.0 Fighting
 + Level 11.3 Maces & Flails
 - Level 1.0 Throwing
 - Level 1.7 Armour
 - Level 0.8 Dodging
 - Level 0.2 Shields
 - Level 2.4 Invocations


You had 8 spell levels left.
You didn't know any spells.
Your spell library contained the following spells:

 Spells                   Type           Power      Damage    Failure   Level
 Magic Dart               Conj           0%         1d3       100%        1
 Shock                    Conj/Air       0%         1d3       100%        1
 Searing Ray              Conj           0%         2d4       100%        2
 Swiftness                Air            0%         N/A       100%        3
 Airstrike                Air            0%         N/A       100%        4
 Fulminant Prism          Conj/Hex       0%         3d6       100%        4


Dungeon Overview and Level Annotations

Branches:
Dungeon (8/15)             Temple (0/1) D:6
   Lair: D:8-11

Altars:
Elyvilon
The Shining One


Innate Abilities, Weirdness & Mutations

You have a pair of horns on your head.
You are partially covered in icy blue scales. (AC +2)
A meltable icy envelope protects you from harm. (AC +0)
You sometimes gain a little power by taking damage.
A meltable shield of frost defends you. (SH +0)


Message History

The howler monkey skeleton hits you.
The orc warrior hits you but does no damage.
You thump the orc warrior!
You kill the orc warrior!
Lugonu accepts your kill.
The steam dragon bites you but does no damage.
The steam dragon claws you.
The howler monkey skeleton hits you but does no damage.
You completely miss the steam dragon.
The steam dragon bites you but does no damage.
The steam dragon barely misses you.
The howler monkey skeleton hits you but does no damage.
You hit the steam dragon.
The steam dragon is lightly wounded.
The steam dragon bites you. The steam dragon barely misses you.
The howler monkey skeleton hits you but does no damage.
You hit the steam dragon.
The steam dragon is moderately wounded.
The steam dragon bites you.
* * * LOW HITPOINT WARNING * * *
The steam dragon claws you.
* * * LOW HITPOINT WARNING * * *
You hit the steam dragon.
The steam dragon is heavily wounded.
The howler monkey skeleton barely misses you.
You hit the steam dragon.
The steam dragon is heavily wounded.
The steam dragon barely misses you.
The steam dragon claws you but does no damage.
The howler monkey skeleton hits you but does no damage.
You hit the steam dragon. Your headbutt misses the steam dragon.
The steam dragon is severely wounded.
The steam dragon breathes steam at you. The ball of steam hits you!
* * * LOW HITPOINT WARNING * * *
The howler monkey skeleton hits you but does no damage.
You hit the steam dragon but do no damage.
The steam dragon is severely wounded.
You are engulfed in a cloud of scalding steam.
You die...

##........#..###......
#........# ........[..#
##.......###..........#
##.....#<...............
#......##...............
#.......................
......†..[..............
...........##.$.........
....#.......#.§§@D......
...........#...))Z......
...........##...........
............#...........
..####......#...........
...#.........#.#........
|..............##.#.....
............... .##....
#.......


You could see a steam dragon (catching breath) and a howler monkey skeleton.

Vanquished Creatures
  A hornet (D:6)
  A steam dragon (D:7)
  A water moccasin (D:4)
  An orc warrior (D:7)
  An ice beast (D:6)
  2 ogres
  A necrophage (D:7)
  A centaur (D:5)
  A kobold brigand (D:7)
  A bullfrog (D:7)
  3 scorpions
  A water moccasin zombie (D:5)
  3 centaur zombies
  2 orc priests
  3 hounds
  2 jellies
  A centaur skeleton (D:7)
  Jessica (D:2)
  4 iguanas
  Terence (D:2)
  Natasha (D:2)
  An orc wizard (D:6)
  A hound skeleton (D:4)
  5 adders
  3 gnolls (D:6)
  An ufetubus (D:7)
  2 worms (D:3)
  2 dart slugs
  12 orcs
  6 bats
  5 endoplasms
  2 giant cockroaches
  4 hobgoblins
  2 jackals (D:2)
  6 kobolds
  4 quokkas
  3 ball pythons
  2 frilled lizards
  8 goblins
  2 rats
104 creatures vanquished.

Vanquished Creatures (others)
  An orc priest (D:7)
  An orc (D:7)
  3 fungi (D:4)
5 creatures vanquished.

Grand Total: 109 creatures vanquished

Notes
Turn   | Place    | Note
-------+----------+-------------------------------------------
     0 | Abyss:1  | nickcage the Demonspawn Abyssal Knight began the quest for
                  | the Orb.
     0 | Abyss:1  | Reached XP level 1. HP: 18/18 MP: 2/2
    29 | Abyss:1  | Noticed a smoke demon
    29 | Abyss:1  | Noticed an Executioner
    29 | Abyss:1  | Noticed a large abomination
    29 | Abyss:1  | Noticed a hellwing
    30 | D:1      | Escaped the Abyss
   101 | D:1      | Reached skill level 2 in Maces & Flails
   184 | D:1      | Gained mutation: You sometimes gain a little power by
                  | taking damage. [demonic ancestry]
   184 | D:1      | Reached XP level 2. HP: 4/24 MP: 3/3
   191 | D:1      | Reached * piety under Lugonu
   892 | D:1      | Found a faded altar of an unknown god.
  1022 | D:2      | Reached skill level 3 in Maces & Flails
  1218 | D:2      | Gained mutation: You have a pair of small horns on your
                  | head. [demonic ancestry]
  1218 | D:2      | Reached XP level 3. HP: 29/29 MP: 4/4
  1302 | D:2      | Noticed Terence
  1310 | D:2      | Killed Terence
  1719 | D:2      | Noticed Jessica
  1725 | D:2      | Killed Jessica
  1726 | D:2      | Reached skill level 4 in Maces & Flails
  1726 | D:2      | Gained mutation: You are partially covered in icy blue
                  | scales. (AC +2) [demonic ancestry]
  1726 | D:2      | Reached XP level 4. HP: 29/35 MP: 5/5
  2173 | D:2      | Noticed Natasha
  2179 | D:2      | Killed Natasha
  2552 | D:3      | Reached XP level 5. HP: 41/41 MP: 6/6
  2694 | D:3      | Reached skill level 5 in Maces & Flails
  3394 | D:4      | Reached ** piety under Lugonu
  3417 | D:3      | HP: 2/41 [poisoned by a scorpion]
  3418 | D:3      | Gained mutation: A meltable shield of frost defends you.
                  | (SH +0) [demonic ancestry]
  3418 | D:3      | Reached XP level 6. HP: 2/47 MP: 7/7
  3686 | D:4      | Reached skill level 6 in Maces & Flails
  3782 | D:4      | Noticed a water moccasin
  3793 | D:4      | Killed a water moccasin
  4157 | D:5      | Entered Level 5 of the Dungeon
  4175 | D:5      | Reached skill level 7 in Maces & Flails
  4175 | D:5      | Reached XP level 7. HP: 42/52 MP: 8/8
  4217 | D:5      | Reached skill level 1 in Throwing
  4298 | D:5      | Reached skill level 8 in Maces & Flails
  4308 | D:5      | You fall into a shaft and drop 3 floors!
  4327 | D:7      | Noticed a steam dragon
  4338 | D:7      | Killed a steam dragon
  4339 | D:7      | Gained mutation: You have a pair of horns on your head.
                  | [demonic ancestry]
  4339 | D:7      | Reached XP level 8. HP: 54/58 MP: 9/9
  4386 | D:6      | Found a staircase to the Ecumenical Temple.
  4402 | D:6      | Reached skill level 9 in Maces & Flails
  4960 | D:6      | Noticed a hornet
  4964 | D:6      | Paralysed by a hornet for 3 turns
  4969 | D:6      | Killed a hornet
  4970 | D:6      | Reached skill level 10 in Maces & Flails
  5075 | D:6      | Reached *** piety under Lugonu
  5148 | D:6      | Gained mutation: A meltable icy envelope protects you from
                  | harm. (AC +0) [demonic ancestry]
  5148 | D:6      | Reached XP level 9. HP: 59/63 MP: 10/10
  5448 | D:7      | Reached skill level 11 in Maces & Flails
  5671 | D:7      | Engulfed by a steam dragon's steam

Illustrated notes

Levels and vault maps discovered:
D:1:      wander_arrival_fairy_ring, layout_basic, basic_ecumenical_altar,
          columned_hall_lemuel
D:2:      layout_basic, uniq_jessica, uniq_natasha, uniq_terence
D:3:      layout_basic
D:4:      layout_rooms, serial_aquarium, aquarium_bridge_square
          [aquarium_subvault_bridge, aquarium_subvault_wall,
          aquarium_subvault_bridge, aquarium_subvault_bridge],
          aquarium_bridge_long_joined [aquarium_subvault_bridge,
          aquarium_subvault_bridge, aquarium_subvault_wall,
          aquarium_subvault_balcony, aquarium_subvault_window,
          aquarium_subvault_window], aquarium_window_fake, aquarium_window_fake,
          aquarium_view_2b
D:5:      layout_rooms, tso_oasis_becter, mainiacjoe_overflow_chevrons
D:6:      layout_basic, minmay_temple_entry_mist
D:7:      layout_cave_pools, enter_ossuary_5, st_stairs_4
D:8:      layout_rooms, nicolae_overflow_crystal_walls, minmay_misc_feat_doors

Skill      XL: |  1  2  3  4  5  6  7  8  9 |
---------------+----------------------------+-----
Maces & Flails | 2 3 4 5 7 8 10 11 | 11.3
Throwing       | 1 |  1.0
Fighting       | |  3.0
Armour         | |  1.7
Dodging        | |  0.8
Shields        | |  0.2
Invocations    | |  2.4

Action                   |  1- 3 |  4- 6 |  7- 9 || total
-------------------------+-------+-------+-------++-------
Melee: Mace              |    84 |   157 |   154 ||   395
       Punch             |     1 |     3 |     4 ||     8
       Headbutt          |     6 |    18 |    36 ||    60
Throw: Dart              |     1 |     6 |     4 ||    11
Invok: Depart the Abyss  |     1 |       |       ||     1
  Use: Scroll            |       |     7 |     2 ||     9
       Potion            |       |     1 |       ||     1
Armor: Ring mail         |     8 |       |       ||     8
       Leather armour    |     5 |       |       ||     5
       Chain mail        |    37 |    96 |       ||   133
       Plate armour      |       |    11 |   136 ||   147
Dodge: Dodged            |    35 |    58 |    45 ||   138
Block: Other             |       |    16 |    33 ||    49
